 Dungeon Crawl Stone Soup version 0.30-a0-591-g3c58d2bc28 (webtiles) character file.

Game seed: 9569576979807069444

7131 OTABOTABOTAB the Destroyer (level 10, -5/59 HPs)
             Began as a Deep Elf Conjurer on Jan 5, 2023.
             Was a Follower of Sif Muna.
             Slain by a boulder beetle (35 damage)
             ... on level 9 of the Dungeon.
             The game lasted 00:27:23 (10755 turns).

OTABOTABOTAB the Destroyer (Deep Elf Conjurer)     Turns: 10755, Time: 00:27:23

Health: -5/59      AC:  7    Str:  7    XL:     10   Next: 85%
Magic:  15/26      EV: 15    Int: 32    God:    Sif Muna [*.....]
Gold:   464        SH:  0    Dex: 13    Spells: 18/29 levels left

rFire   . . .      SeeInvis .    a - +6 shillelagh "Devastator" {shatter}
rCold   x . .      Faith    .    (no shield)
rNeg    . . .      Spirit   .    z - +1 robe of the Invisible Hand {rC- Str+3 Int+4}
rPois   .          Reflect  .    A - +0 helmet
rElec   .          Harm     .    (no cloak)
rCorr   .          Rampage  .    h - +0 pair of gloves
Will    +....                    f - +1 pair of boots
Stlth   ++                       (no amulet)
HPRegen 0.29/turn                (no ring)
MPRegen 0.20/turn                (no ring)

@: no status effects
A: no striking features
a: Renounce Religion, Channel Magic


You were on level 9 of the Dungeon.
You worshipped Sif Muna.
Sif Muna was aware of your devotion.
You visited 2 branches of the dungeon, and saw 10 of its levels.
You also visited: Ossuary.

You collected 789 gold pieces.
You spent 325 gold pieces at shops.

Inventory:

Hand Weapons
 a - the +6 shillelagh "Devastator" (weapon) {shatter}
   (You found it on level 7 of the Dungeon)

   It releases a powerful concussive burst when it strikes, dealing extra damage
   to the target and all other creatures adjacent to them.
Missiles
 c - 2 throwing nets {!d}
 n - 2 boomerangs of dispersal {=f}
 o - 4 boomerangs
 s - 118 stones
 v - 15 poisoned darts
Armour
 f - a +1 pair of boots (worn)
   (You found it on level 4 of the Dungeon)
 h - a +0 pair of gloves (worn)
   (You found it on level 1 of the Dungeon)
 z - the +1 robe of the Invisible Hand (worn) {rC- Str+3 Int+4}
   (You found it on level 5 of the Dungeon)

   Str:       It affects your strength (+3).
   Int:       It affects your intelligence (+4).
   rC:        It makes you vulnerable to cold.
 A - a +0 helmet (worn)
   (You found it on level 3 of the Dungeon)
 C - the +0 robe "Afrevess" {rPois Dex-2 SInv Stlth+}
   (You bought it in a shop on level 3 of the Dungeon)

   Dex:       It affects your dexterity (-2).
   rPois:     It protects you from poison.
   SInv:      It lets you see invisible.
   Stlth:     It makes you more stealthy.
Magical Staves
 b - a staff of conjuration
   (You found it on level 6 of the Dungeon)
Wands
 d - a wand of roots (12)
   (You found it on level 7 of the Dungeon)
 l - a wand of quicksilver (7)
   (You found it on level 9 of the Dungeon)
 y - a wand of mindburst (12)
   (You found it on level 4 of the Dungeon)
Scrolls
 g - a scroll of amnesia
 i - a scroll of poison {!r}
 j - 2 scrolls of identify {@r1}
 k - 2 scrolls of enchant armour
 S - a scroll of summoning
 V - 2 scrolls of vulnerability {!r!r}
 Y - 7 scrolls of teleportation {@r3}
Potions
 e - a potion of cancellation {unknown}
 m - 2 potions of haste {unknown}
 q - 2 potions of degeneration {!q}
 u - 3 potions of attraction {!q}
 B - 2 potions of brilliance
 G - a potion of ambrosia {!q}
 I - a potion of invisibility
 J - 2 potions of curing {@q1}
 L - 2 potions of flight
 M - 2 potions of might
 N - 6 potions of heal wounds {@q2}
 P - a potion of lignification {!q}
 R - 3 potions of resistance
 T - 5 potions of berserk rage {!q}
 U - 3 potions of mutation {!q}


   Skills:
 * Level 5.4 Fighting
 * Level 8.4 Dodging
 - Level 2.4 Stealth
 - Level 10.0 Spellcasting
 + Level 10.7 Conjurations
 - Level 3.0 Hexes
 - Level 3.0 Translocations
 * Level 7.1 Invocations


You had 18 spell levels left.
You knew the following spells:

 Your Spells              Type           Power      Damage    Failure   Level
a - Magic Dart            Conj           100%       1d8       1%          1
b - Searing Ray           Conj           100%       2d8       1%          2
c - Fulminant Prism       Conj/Hex       28%        3d13      1%          4
x - Iskenderun's Mystic   Conj/Tloc      56%        2d12      1%          4

Your spell library contained the following spells:

 Spells                   Type           Power      Damage    Failure   Level
 Dazzling Flash           Conj/Hex       100%       N/A       1%          3
 Animate Dead             Necr           16%        N/A       30%         4
 Haunt                    Necr/Summ      8%         N/A       100%        7
 Infestation              Necr           8%         N/A       100%        8


Dungeon Overview and Level Annotations

Branches:
Dungeon (9/15)             Temple (1/1) D:5         Ossuary (visited)
   Lair: D:8-11         Orc: D:9-12

Altars:
Cheibriados
Elyvilon
Fedhas
Gozag
Hepliaklqana
Kikubaaqudgha
Makhleb
Okawaru
Qazlal
Ru
Sif Muna
Uskayaw
Vehumet
Wu Jian
Yredelemnul
Zin
The Shining One

Shops:
D:3 **[*?

Annotations:
D:9 3 runed translucent doors, Darkkill's ghost, novice MiHu


Message History

Sif Muna accepts your kill.
The mystic blast hits the orc wizard.
The orc wizard is knocked back by the mystic blast.
The orc wizard collides with the orc wizard!
The orc wizard mumbles some strange words.
The orc wizard flickers and vanishes!
Deactivating autopickup; reactivate with Ctrl-A.
The boulder beetle hits your fulminant prism!!!
The boulder beetle stops rolling and uncurls.
You now have 18/26 mp.
You conjure a prism of explosive energy!
A fulminant prism comes into view.
The orc wizard casts a spell at you. The magic dart hits you.
The boulder beetle bites your fulminant prism but does no damage.
You take 4 damage, and have 55/59 hp.
You now have 14/26 mp.
You erupt in a blast of force!
The mystic blast hits the orc wizard!
You kill the orc wizard!
Sif Muna accepts your kill.
The mystic blast hits the orc wizard!
You kill the orc wizard!
Sif Muna accepts your kill.
Your fulminant prism crackles loudly.
You now have 11/26 mp.
The boulder beetle leaps!
The blast of energy engulfs something!
The blast of energy engulfs the orc wizard!!
You kill the orc wizard!
Sif Muna accepts your kill.
You hear an angry hiss.
You conjure a prism of explosive energy!
A fulminant prism comes into view.
You now have 7/26 mp.
Something hits you but does no damage.
Your fulminant prism crackles loudly.
You regained 3 mp, and now have 10/26 mp.
Something hits you.
The blast of energy engulfs something!!
Sif Muna accepts your kill.
Reactivating autopickup.
You feel a bit more experienced.
You hear an angry hiss.
You take 2 damage, and have 54/59 hp.
You regained 4 mp, and now have 14/26 mp.
You conjure a prism of explosive energy!
A fulminant prism comes into view.
Your fulminant prism crackles loudly.
You regained 4 mp, and now have 18/26 mp.
You feel less invigorated.
The blast of energy engulfs the boulder beetle.
You regained 5 mp, and now have 23/26 mp.
You conjure a prism of explosive energy!
A fulminant prism comes into view.
You now have 19/26 mp.
Aim: a boulder beetle (lightly wounded, ally target, 100% to hit)
The searing ray hits the boulder beetle but does no damage. (Press . to maintain the ray.)
The boulder beetle curls into a ball and begins rolling!
Your fulminant prism crackles loudly.
You now have 17/26 mp.
The searing ray hits the boulder beetle!
The boulder beetle hits you!!
Ouch! That really hurt!
The boulder beetle stops rolling and uncurls.
The blast of energy engulfs the boulder beetle!!
You take 31 damage, and have 24/59 hp.
MASSIVE DAMAGE!!
You erupt in a blast of force!
The mystic blast hits the boulder beetle.
The boulder beetle is knocked back by the mystic blast.
You now have 13/26 mp.
You regained 3 mp, and now have 16/26 mp.
You erupt in a blast of force!
The mystic blast hits the boulder beetle.
The boulder beetle is knocked back by the mystic blast.
You now have 15/26 mp.
Aim: a boulder beetle (heavily wounded, 100% to hit)
The searing ray hits the boulder beetle but does no damage. (Press . to maintain the ray.)
The boulder beetle leaps!
You regained 3 mp, and now have 18/26 mp.
You regained 4 mp, and now have 22/26 mp.
MP restored: 26 You feel less invigorated.
You conjure a prism of explosive energy!
A fulminant prism comes into view.
You now have 22/26 mp.
Your fulminant prism crackles loudly.
The blast of energy engulfs the boulder beetle!
You conjure a prism of explosive energy!
A fulminant prism comes into view.
You now have 18/26 mp.
Your fulminant prism crackles loudly.
The boulder beetle curls into a ball and begins rolling!
The blast of energy engulfs the boulder beetle!
You hear an angry hiss.
You can't see any susceptible monsters within range! (Use Z to cast anyway.)
You erupt in a blast of force!
The mystic blast hits the boulder beetle!
The boulder beetle hits you!!
Ouch! That really hurt!
You die...

###.# ##.....# #.# #####.# ###
######.## #.# ....#######.......#
####'## ...))....##.......#
#.....# ...)####.##.......#
#.###.+ ... #..........###
#.#...# .. ####.°°......# ###.###
. #...○B@.#... #.....# ######.##
+.###.# ###.# #.....# #.<.#
###'### #+### #.### #..# ....###
######'### ####'#### ....'.#
#........# #####...)...#
....#.###........####...+..)....#
....#...#........##...###.)))...'


You could see a boulder beetle (rolling).

Vanquished Creatures
  Erica (D:9)
  3 two-headed ogres (D:7)
  A gargoyle (D:7)
  An unseen horror (D:6)
  A hornet (D:7)
  A troll (D:9)
  Sigmund (D:4)
  4 yaks (D:8)
  A wyvern (D:6)
  3 steam dragons
  An acid dragon (D:8)
  A water moccasin (D:5)
  3 black bears
  An orc warrior (D:9)
  3 centaurs
  A phantom (D:7)
  A bullfrog (D:9)
  A necrophage (D:5)
  6 killer bees (D:7)
  2 howler monkeys
  An orc priest (D:3)
  5 hounds
  A jelly (D:6)
  3 gnoll boudas
  7 iguanas
  8 orc wizards
  9 mummies
  Robin (D:2)
  20 gnolls
  7 adders
  2 shadow imps
  2 white imps (D:7)
  2 ufetubi
  A dart slug (D:1)
  22 orcs
  4 bats
  7 endoplasms
  2 giant cockroaches
  A gnoll zombie (Ossuary)
  6 hobgoblins
  6 jackals
  A quokka (D:1)
  A ball python (D:2)
  2 frilled lizards
  9 goblins
  2 hobgoblin zombies
  9 kobolds
  6 kobold zombies
  3 orc zombies
  4 rats
  3 fulminant prisms
194 creatures vanquished.

Vanquished Creatures (others)
  59 fulminant prisms
59 creatures vanquished.

Grand Total: 253 creatures vanquished

Notes
Turn   | Place    | Note
-------+----------+-------------------------------------------
     0 | D:1      | OTABOTABOTAB the Deep Elf Conjurer began the quest for the
                  | Orb.
     0 | D:1      | Reached XP level 1. HP: 10/10 MP: 6/6
   381 | D:1      | Reached XP level 2. HP: 15/15 MP: 6/8
   441 | D:1      | Learned a level 2 spell: Searing Ray
   569 | D:2      | Reached skill level 5 in Conjurations
   635 | D:2      | Trevise: I was too late :D
   679 | D:2      | Trevise: Stupid meetings
   679 | D:2      | Reached XP level 3. HP: 19/19 MP: 6/10
   829 | D:2      | Reached skill level 4 in Spellcasting
   874 | D:2      | OTABOTABOTAB: lol its ok i have a puppy distracting me
   904 | D:2      | Noticed Robin
   917 | D:2      | Killed Robin
   918 | D:2      | Reached XP level 4. HP: 21/24 MP: 1/12
  1082 | D:2      | Found a blossoming altar of Fedhas.
  1737 | D:2      | Trevise: New puppy?
  1737 | D:2      | OTABOTABOTAB: mmhmm! just over 3 months old.
                  | pitbull/something mix. her name is Daisy
  1767 | D:3      | Found Rirphah's Assorted Antiques.
  1773 | D:3      | Bought a lumpy black potion for 22 gold pieces
  1773 | D:3      | Bought a green potion for 22 gold pieces
  1773 | D:3      | Bought an inky potion for 22 gold pieces
  1863 | D:3      | Trevise: Awww another Daisy!
  1879 | D:3      | OTABOTABOTAB: so we have Dixie who is 6yo and Daisy who is
                  | 3mo
  1968 | D:3      | Found Ihuv's Magic Scroll Emporium.
  2004 | D:3      | Reached skill level 6 in Conjurations
  2037 | D:3      | Trevise: Adorable <3>
                  | ERROR: string above had unterminated tag
  2070 | D:3      | Reached XP level 5. HP: 28/28 MP: 1/14
  2075 | D:3      | Learned a level 4 spell: Fulminant Prism
  2080 | D:3      | Learned a level 4 spell: Iskenderun's Mystic Blast
  2382 | D:3      | Found Kuqol's General Store.
  2453 | D:3      | Found Alomneehowit's Antique Armour Shoppe.
  2555 | D:3      | Found Doac's Assorted Antiques.
  2559 | D:3      | Reached skill level 5 in Spellcasting
  2954 | D:4      | Reached skill level 1 in Hexes
  2954 | D:4      | Reached skill level 1 in Translocations
  3005 | D:4      | Reached XP level 6. HP: 32/32 MP: 1/15
  3283 | D:4      | Noticed Sigmund
  3289 | D:4      | Killed Sigmund
  3290 | D:4      | Reached skill level 7 in Conjurations
  3290 | D:4      | Reached skill level 2 in Hexes
  3290 | D:4      | Reached skill level 2 in Translocations
  3881 | D:5      | Entered Level 5 of the Dungeon
  3933 | D:5      | Reached skill level 3 in Hexes
  3933 | D:5      | Reached XP level 7. HP: 20/36 MP: 9/17
  4133 | D:5      | Noticed a steam dragon
  4163 | D:5      | Killed a steam dragon
  4164 | D:5      | Reached skill level 6 in Spellcasting
  4164 | D:5      | Reached skill level 8 in Conjurations
  4164 | D:5      | Reached skill level 3 in Translocations
  4486 | D:5      | Found an ornate altar of the Wu Jian Council.
  4521 | D:5      | Found a sand-covered staircase.
  4529 | Ossuary  | Entered an ossuary
  4562 | Ossuary  | Reached XP level 8. HP: 41/41 MP: 2/20
  4567 | Ossuary  | Reached skill level 7 in Spellcasting
  4962 | D:5      | Identified the +1 robe of the Invisible Hand {rC- Str+3
                  | Int+4}
  5026 | D:5      | Reached skill level 9 in Conjurations
  5240 | D:5      | Found a staircase to the Ecumenical Temple.
  5246 | Temple   | Entered the Ecumenical Temple
  5387 | Temple   | OTABOTABOTAB: Sif or Vehumet.
  5387 | Temple   | OTABOTABOTAB: Access to every spell in the game and
                  | infinite mana or more boom boom
  5415 | Temple   | Became a worshipper of Sif Muna the Loreminder
  5563 | D:5      | Reached skill level 1 in Invocations
  5916 | D:5      | Reached skill level 1 in Fighting
  5916 | D:5      | Reached skill level 3 in Dodging
  6091 | D:6      | Found a blossoming altar of Fedhas.
  6115 | D:6      | Found a white marble altar of Elyvilon.
  6243 | D:6      | Found a hazy altar of Hepliaklqana.
  6444 | D:3      | Bought a warped robe for 159 gold pieces
  6444 | D:3      | Identified the +0 robe "Afrevess" {rPois Dex-2 SInv Stlth+}
                  | (You bought it in a shop on level 3 of the Dungeon)
  6464 | D:3      | Bought a scroll labelled LOOSEO QIASYZE for 15 gold pieces
  6464 | D:3      | Bought a scroll labelled LOOSEO QIASYZE for 15 gold pieces
  6464 | D:3      | Bought a scroll of identify for 30 gold pieces
  6704 | D:3      | Bought a scroll of identify for 20 gold pieces
  6704 | D:3      | Bought a scroll of identify for 20 gold pieces
  6854 | D:6      | Reached skill level 8 in Spellcasting
  6854 | D:6      | Reached skill level 2 in Invocations
  7410 | D:6      | Killed an unseen horror
  7411 | D:6      | Reached skill level 2 in Fighting
  7411 | D:6      | Reached skill level 4 in Dodging
  7411 | D:6      | Reached skill level 3 in Invocations
  7411 | D:6      | Reached XP level 9. HP: 17/48 MP: 11/23
  7620 | D:7      | Reached * piety under Sif Muna
  8032 | D:7      | Reached skill level 5 in Dodging
  8043 | D:7      | Noticed a two-headed ogre
  8057 | D:7      | Noticed a two-headed ogre
  8058 | D:7      | Killed a two-headed ogre
  8059 | D:7      | Reached skill level 3 in Fighting
  8059 | D:7      | Reached skill level 9 in Spellcasting
  8059 | D:7      | Reached skill level 4 in Invocations
  8207 | D:7      | Noticed a gargoyle
  8213 | D:7      | Killed a gargoyle
  8214 | D:7      | Reached skill level 6 in Dodging
  8214 | D:7      | Reached skill level 10 in Conjurations
  8219 | D:7      | Noticed a two-headed ogre
  8226 | D:6      | Reached skill level 5 in Invocations
  8352 | D:7      | HP: 7/52 [steam dragon] (8)]
  8744 | D:7      | Killed a two-headed ogre
  8745 | D:7      | Reached skill level 4 in Fighting
  8745 | D:7      | Reached skill level 10 in Spellcasting
  8745 | D:7      | Reached XP level 10. HP: 56/56 MP: 9/26
  8830 | D:7      | Killed a two-headed ogre
  8916 | D:7      | Reached skill level 7 in Dodging
  9117 | D:7      | Found a glowing golden altar of the Shining One.
  9237 | D:7      | Found the +6 shillelagh "Devastator" {shatter}
  9621 | D:8      | Reached skill level 6 in Invocations
  9722 | D:8      | Trevise: infinite mana
  9722 | D:8      | Trevise: gogo
  9722 | D:8      | OTABOTABOTAB: i picked sif :D
  9722 | D:8      | OTABOTABOTAB: read your mind
  9723 | D:8      | Trevise: WOO
 10132 | D:8      | Found a snail-covered altar of Cheibriados.
 10217 | D:9      | Reached skill level 5 in Fighting
 10462 | D:9      | Found a runed translucent gate.
 10463 | D:9      | Found a runed translucent gate.
 10463 | D:9      | Found an opulent altar of Gozag.
 10465 | D:9      | Found a runed translucent gate.
 10465 | D:9      | Noticed Darkkill's ghost (novice MiHu)
 10467 | D:9      | Noticed a two-headed ogre
 10544 | D:9      | Noticed Erica
 10552 | D:9      | Killed Erica
 10553 | D:9      | Reached skill level 8 in Dodging
 10553 | D:9      | Reached skill level 7 in Invocations
 10718 | D:9      | Noticed a boulder beetle
 10755 | D:9      | Slain by a boulder beetle

Illustrated notes

Levels and vault maps discovered:
D:1:      dpeg_arrival_tiny_h, layout_rooms, nrook_uturn
D:2:      layout_basic, basic_altar, uniq_robin
D:3:      layout_loops_ring, serial_shops,
          nicolae_shop_temple_entry_statues_fountains, shop, shop,
          nicolae_shop_overgrown_old_shop, shop_statue, palyth_stone_intersect,
          st_stairs_14
D:4:      layout_loops_ring, chequers_serial_rivers_large_a, uniq_sigmund
D:5:      layout_loops_cross, kennysheep_mini,
          minmay_temple_entry_statues_pillars, nicolae_ossuary_entry_ruins,
          st_stairs_5, minmay_mini_ossuary
D:6:      layout_loops_corners, elyvilon_altar_5,
          nicolae_hepliaklqana_hazy_memory, old_standard_altar
D:7:      layout_rooms, amcnicky_altar_gilded, dilly_guarded_unrand_devastator
D:8:      layout_loops_ring, mainiacjoe_overflow_tiny_flanked, serial_rivers,
          chequers_serial_rivers_room_b, chequers_serial_rivers_marsh,
          chequers_serial_rivers_micro_b, chequers_serial_rivers_room_a
D:9:      layout_roguey, ebering_ghost_gozag, nicolae_benzene_ring, uniq_erica
Temple:   regret_index_temple_generic_petals

Skill      XL: |  1  2  3  4  5  6  7  8  9 10 |
---------------+-------------------------------+-----
Conjurations   | 5 6 7 8 9 10 | 10.7
Spellcasting   | 4 5 6 8 10 | 10.0
Hexes          | 1 3 |  3.0
Translocations | 1 2 3 |  3.0
Invocations    | 3 5 7 |  7.1
Fighting       | 2 4 5 |  5.4
Dodging        | 4 6 8 |  8.4
Stealth        | |  2.4

Action                   |  1- 3 |  4- 6 |  7- 9 | 10-12 || total
-------------------------+-------+-------+-------+-------++-------
Melee: Staff             |       |       |     4 |       ||     4
       Shillelagh        |       |       |       |     6 ||     6
 Cast: Magic Dart        |    39 |    67 |    53 |    23 ||   182
       Searing Ray       |     6 |    19 |    28 |     9 ||    62
       Iskenderun's Myst |       |     1 |    22 |    18 ||    41
       Fulminant Prism   |       |       |    34 |    28 ||    62
Invok: Channel Magic     |       |       |       |     6 ||     6
Evoke: Wand              |       |       |     7 |       ||     7
  Use: Scroll            |       |     7 |    16 |     1 ||    24
       Potion            |       |       |     1 |     1 ||     2
Armor: Robe              |     4 |     1 |     8 |     5 ||    18
Dodge: Dodged            |     3 |     8 |    18 |    13 ||    42

Table legend: (Time is in decaauts)
 A = Elapsed time spent in this place.
 B = Non-inter-level travel time spent in this place.
 C = Inter-level travel time spent in this place.
 D = Time resting spent in this place.
 E = Time spent auto-exploring this place.
 F = Levels seen in this place.
 G = Mean time per level.
                   A        B        C        D        E       F      G
               +--------+--------+--------+--------+--------+-----+--------+
         Total |  10774 |  10160 |    614 |   2071 |   6869 |  11 |  979.5 |
       Dungeon |  10198 |   9609 |    589 |   1870 |   6619 |   9 | 1133.1 |
        Temple |    195 |    170 |     25 |      0 |    131 |   1 |  195.0 |
       Ossuary |    379 |    379 |      0 |    201 |    119 |   1 |  379.0 |
               +--------+--------+--------+--------+--------+-----+--------+

Top non-repeatable levels by time:
     D:6: 2107 daAuts
     D:5: 1713 daAuts
     D:3: 1314 daAuts
     D:2: 1137 daAuts
     D:4: 1128 daAuts
     D:7: 851 daAuts
     D:8: 767 daAuts
     D:1: 622 daAuts
     D:9: 557 daAuts
 Ossuary: 379 daAuts
  Temple: 195 daAuts

Table legend:
 A = Kills in this place as a percentage of kills in entire the game.
 B = Kills by you in this place as a percentage of kills by you in the entire game.
 C = Kills by friends in this place as a percentage of kills by friends in the entire game.
 D = Other kills in this place as a percentage of other kills in the entire game.
 E = Experience gained in this place as a percentage of experience gained in the entire game.
 F = Experience gained in this place divided by the number of levels of this place that you have seen.
                   A       B       C       D       E      F
               +-------+-------+-------+-------+-------+----------------------
         Total | 100.0 | 100.0 |   N/A |   N/A | 100.0 | 926.2
       Dungeon |  91.6 |  91.6 |   N/A |   N/A |  98.5 | 1115.0
       Ossuary |   8.4 |   8.4 |   N/A |   N/A |   1.5 | 153.0
               +-------+-------+-------+-------+-------+----------------------
